[ AOE2 MATCH · #495283397 ]
UnrankedByzantines vs Huns
Player's team · LOSS
Rival team · WIN
[ REPLAY ANALYSIS · EXTRACTED FROM THE RECORDED GAME ]
Feudal
9:23
Castle
—
Imperial
—
| APM avg | 67.5 |
| APM peak | 95 |
| eAPM avg | 25.9 |
| Villagers / military | 46 / 26 |
Focus
⚔️ 39.1% · 🌾 60.9%
Skirmisher ×17 · Scout Cavalry ×9
Feudal
8:51
Castle
—
Imperial
—
| APM avg | 52.3 |
| APM peak | 74 |
| eAPM avg | 20.0 |
| Villagers / military | 44 / 19 |
Focus
⚔️ 27.4% · 🌾 72.6%
Skirmisher ×13 · Spearman ×6
Match map
Initial resources + every placement click. Lines = walls · curves = elevation contours. ◆ gold · ⬟ stone · ● berries · ✦ relic · ◌ wall gap
Your base· Open — unwalled flank
Mingzhou's base· Open — unwalled flank
Smoothed initial terrain · ◌ = detected wall gap · hover for details
Inputs per minute
— OnlyOuOb - - Mingzhou
Build order — OnlyOuOb
120 actions detected in the replay
| 0:01 | Create | Villager (Male) |
| 0:01 | Create | Villager (Male) |
| 0:02 | Build | House |
| 0:05 | Build | House |
| 0:08 | Create | Villager (Male) |
| 0:08 | Create | Villager (Male) |
| 1:32 | Create | Villager (Male) |
| 1:41 | Build | House |
| 2:07 | Create | Villager (Male) |
| 2:17 | Build | Lumber Camp |
| 2:30 | Create | Villager (Male) |
| 2:49 | Create | Villager (Male) |
| 3:15 | Create | Villager (Male) |
| 3:15 | Create | Villager (Male) |
| 3:52 | Create | Villager (Male) |
| 3:56 | Build | House |
| 4:03 | Build | House |
| 4:11 | Create | Villager (Male) |
| 4:13 | Build | House |
| 4:25 | Create | Villager (Male) |
| 5:05 | Build | Mill |
| 5:08 | Create | Villager (Male) |
| 5:19 | Create | Villager (Male) |
| 5:19 | Create | Villager (Male) |
| 5:19 | Create | Villager (Male) |
| 6:15 | Research | Loom |
| 6:20 | Build | Mill |
| 7:13 | Research | Feudal Age |
| 7:42 | Create | Villager (Male) |
| 8:48 | Build | Barracks |
| 9:20 | Create | Villager (Male) |
| 9:23 | Age | Feudal Age |
| 9:29 | Create | Villager (Male) |
| 9:37 | Create | Villager (Male) |
| 9:44 | Build | Stable |
| 9:49 | Create | Villager (Male) |
| 9:52 | Research | Double-Bit Axe |
| 9:52 | Research | Double-Bit Axe |
| 10:03 | Create | Villager (Male) |
| 10:13 | Create | Villager (Male) |
| 10:15 | Build | Palisade Wall |
| 10:16 | Build | Palisade Wall |
| 10:18 | Build | Palisade Wall |
| 10:20 | Build | Palisade Wall |
| 10:21 | Build | Palisade Wall |
| 10:21 | Create | Villager (Male) |
| 10:28 | Create | Scout Cavalry |
| 10:43 | Create | Scout Cavalry |
| 10:46 | Create | Villager (Male) |
| 10:56 | Create | Villager (Male) |
| 11:02 | Create | Villager (Male) |
| 11:04 | Build | Archery Range |
| 11:07 | Create | Scout Cavalry |
| 11:11 | Create | Villager (Male) |
| 11:18 | Build | House |
| 11:36 | Build | Watch Tower |
| 11:41 | Create | Scout Cavalry |
| 11:54 | Create | Skirmisher |
| 11:54 | Create | Skirmisher |
| 11:55 | Create | Scout Cavalry |
| 12:00 | Create | Villager (Male) |
| 12:21 | Create | Skirmisher |
| 12:27 | Create | Villager (Male) |
| 12:36 | Create | Skirmisher |
| 12:39 | Create | Villager (Male) |
| 12:42 | Create | Villager (Male) |
| 12:44 | Build | House |
| 12:56 | Create | Villager (Male) |
| 13:05 | Create | Villager (Male) |
| 13:06 | Build | House |
| 13:09 | Build | House |
| 13:22 | Create | Villager (Male) |
| 13:28 | Create | Villager (Male) |
| 13:32 | Build | Lumber Camp |
| 13:34 | Create | Skirmisher |
| 13:36 | Create | Villager (Male) |
| 13:53 | Create | Skirmisher |
| 13:57 | Create | Villager (Male) |
| 13:59 | Create | Scout Cavalry |
| 14:06 | Build | House |
| 14:23 | Create | Scout Cavalry |
| 14:28 | Create | Skirmisher |
| 14:32 | Create | Skirmisher |
| 14:43 | Build | Farm |
| 14:43 | Build | Farm |
| 14:43 | Build | Farm |
| 14:43 | Build | Farm |
| 14:53 | Create | Villager (Male) |
| 15:00 | Create | Skirmisher |
| 15:00 | Create | Skirmisher |
| 15:02 | Create | Scout Cavalry |
| 15:33 | Build | Farm |
| 15:33 | Build | Farm |
| 15:34 | Build | Farm |
| 15:34 | Build | Farm |
| 15:44 | Create | Villager (Male) |
| 15:44 | Create | Villager (Male) |
| 15:54 | Build | House |
| 16:03 | Build | Farm |
| 16:12 | Build | Farm |
| 16:13 | Create | Skirmisher |
| 16:14 | Create | Skirmisher |
| 16:21 | Create | Skirmisher |
| 16:21 | Create | Skirmisher |
| 16:33 | Create | Villager (Male) |
| 16:35 | Build | Blacksmith |
| 16:54 | Create | Villager (Male) |
| 16:57 | Build | Farm |
| 16:58 | Build | Farm |
| 17:20 | Create | Villager (Male) |
| 17:20 | Create | Skirmisher |
| 17:21 | Create | Skirmisher |
| 17:41 | Build | Palisade Wall |
| 17:43 | Build | Palisade Wall |
| 17:45 | Create | Skirmisher |
| 17:51 | Create | Scout Cavalry |
| 17:51 | Create | Villager (Male) |
| 17:53 | Build | Farm |
| 17:54 | Build | Farm |
| 17:54 | Build | Farm |
Build order — Mingzhou
95 actions detected in the replay
| 0:00 | Create | Villager (Male) |
| 0:01 | Create | Villager (Male) |
| 0:14 | Create | Villager (Male) |
| 0:14 | Create | Villager (Male) |
| 0:14 | Create | Villager (Male) |
| 1:23 | Create | Villager (Male) |
| 1:41 | Create | Villager (Male) |
| 2:12 | Build | Lumber Camp |
| 2:16 | Create | Villager (Male) |
| 2:41 | Create | Villager (Male) |
| 2:45 | Create | Villager (Male) |
| 3:26 | Create | Villager (Male) |
| 3:26 | Create | Villager (Male) |
| 3:58 | Create | Villager (Male) |
| 3:58 | Create | Villager (Male) |
| 4:39 | Build | Mill |
| 4:50 | Create | Villager (Male) |
| 4:51 | Create | Villager (Male) |
| 4:51 | Create | Villager (Male) |
| 5:30 | Research | Loom |
| 6:36 | Research | Feudal Age |
| 6:36 | Research | Feudal Age |
| 7:18 | Create | Villager (Male) |
| 7:19 | Create | Villager (Male) |
| 7:43 | Create | Villager (Male) |
| 8:18 | Build | Barracks |
| 8:32 | Create | Villager (Male) |
| 8:51 | Age | Feudal Age |
| 8:55 | Research | Double-Bit Axe |
| 9:10 | Build | Archery Range |
| 9:11 | Create | Spearman |
| 9:22 | Create | Spearman |
| 9:38 | Create | Spearman |
| 9:40 | Create | Villager (Male) |
| 9:49 | Create | Skirmisher |
| 9:49 | Create | Skirmisher |
| 9:54 | Build | Watch Tower |
| 10:11 | Create | Skirmisher |
| 10:14 | Create | Villager (Male) |
| 11:11 | Create | Skirmisher |
| 11:12 | Create | Spearman |
| 11:15 | Create | Villager (Male) |
| 11:15 | Create | Villager (Male) |
| 11:16 | Build | Farm |
| 11:17 | Build | Farm |
| 11:53 | Create | Villager (Male) |
| 12:03 | Build | Blacksmith |
| 12:09 | Create | Villager (Male) |
| 12:26 | Create | Skirmisher |
| 12:43 | Create | Skirmisher |
| 13:12 | Create | Skirmisher |
| 13:15 | Create | Skirmisher |
| 13:29 | Create | Villager (Male) |
| 13:40 | Create | Skirmisher |
| 14:04 | Create | Villager (Male) |
| 14:06 | Build | Farm |
| 14:06 | Build | Farm |
| 14:17 | Create | Skirmisher |
| 14:32 | Create | Villager (Male) |
| 14:34 | Build | Farm |
| 14:35 | Build | Farm |
| 15:15 | Create | Villager (Male) |
| 15:20 | Create | Skirmisher |
| 15:29 | Build | Watch Tower |
| 15:37 | Create | Skirmisher |
| 15:38 | Create | Spearman |
| 15:40 | Create | Villager (Male) |
| 15:41 | Build | Farm |
| 15:42 | Build | Farm |
| 15:43 | Build | Farm |
| 15:44 | Create | Villager (Male) |
| 15:44 | Create | Villager (Male) |
| 15:47 | Build | Farm |
| 15:56 | Create | Skirmisher |
| 16:01 | Research | Fletching |
| 16:37 | Build | Palisade Wall |
| 16:38 | Build | Palisade Wall |
| 16:39 | Build | Palisade Wall |
| 16:39 | Build | Palisade Wall |
| 16:42 | Create | Villager (Male) |
| 16:47 | Create | Villager (Male) |
| 16:49 | Create | Spearman |
| 16:53 | Build | Farm |
| 16:54 | Build | Farm |
| 17:19 | Create | Villager (Male) |
| 17:19 | Create | Villager (Male) |
| 17:21 | Create | Villager (Male) |
| 17:23 | Build | Lumber Camp |
| 17:31 | Create | Villager (Male) |
| 17:38 | Build | Farm |
| 17:39 | Build | Farm |
| 17:39 | Create | Villager (Male) |
| 17:58 | Create | Villager (Male) |
| 18:10 | Create | Villager (Male) |
| 18:10 | Create | Villager (Male) |
Match timeline
| 8:18 | Mingzhou · first_building Barracks |
| 8:48 | OnlyOuOb · first_building Barracks |
| 8:51 | Mingzhou · age_up feudal |
| 9:10 | Mingzhou · first_building Archery Range |
| 9:23 | OnlyOuOb · age_up feudal |
| 9:44 | OnlyOuOb · first_building Stable |
| 10:15 | OnlyOuOb · wall_segment Palisade Wall x1 |
| 10:16 | OnlyOuOb · wall_segment Palisade Wall x1 |
| 10:18 | OnlyOuOb · wall_segment Palisade Wall x1 |
| 10:20 | OnlyOuOb · wall_segment Palisade Wall x1 |
| 10:21 | OnlyOuOb · wall_segment Palisade Wall x1 |
| 11:04 | OnlyOuOb · first_building Archery Range |
| 16:37 | Mingzhou · wall_segment Palisade Wall x1 |
| 16:38 | Mingzhou · wall_segment Palisade Wall x1 |
| 16:39 | Mingzhou · wall_segment Palisade Wall x1 |
| 16:39 | Mingzhou · wall_segment Palisade Wall x1 |
| 17:41 | OnlyOuOb · wall_segment Palisade Wall x1 |
| 17:43 | OnlyOuOb · wall_segment Palisade Wall x1 |
| 18:17 | OnlyOuOb · resign |
[ AI ANALYSIS · 1 CREDIT ]
What really happened in this match?
Wolo.gg analyzes every decision: build order, eco, micro, common mistakes by bracket. Personalized analysis on WhatsApp or Discord in 30 seconds.
Civ guide
Byzantines
Perfil
OnlyOuOb